 Dungeon Crawl Stone Soup version 0.20-a0-9-g62d82d9 (webtiles) character file.

513 kroki the Ruffian (level 7, -4/66 HPs)
             Began as a Troll Monk on Nov 1, 2016.
             Slain by a bullfrog (7 damage)
             ... in a sewer.
             The game lasted 00:02:20 (2836 turns).

kroki the Ruffian (Troll Monk)                      Turns: 2836, Time: 00:02:21

Health: -4/66      AC:  6    Str: 20    XL:     7   Next: 0%
Magic:  0/6        EV: 11    Int:  8    God:
Gold:   81         SH:  0    Dex: 14    Spells: 0 memorised, 6 levels left

rFire  + . .     SeeInvis .       - Unarmed
rCold  . . .     Gourm    +     a - +0 robe
rNeg   . . .     Faith    .     (no shield)
rPois  .         Spirit   +     (helmet restricted)
rElec  .         Reflect  .     i - +0 cloak
rCorr  .         Harm     .     (gloves unavailable)
MR     .....                    (boots unavailable)
Stlth  ++........               d - amulet of guardian spirit {Spirit}
                                t - ring of protection from fire {rF+, !d}
                                c - +2 ring of dexterity

@: lethally poisoned (-4 -> -4)
A: unfitting armour, claws 3, fast metabolism 3, gourmand, regeneration 1,
shaggy fur 1, tough skin 2
a: no special abilities


You were in a sewer.
You were completely stuffed.

You visited 1 branch of the dungeon, and saw 4 of its levels.
You also visited: Sewer.

You collected 81 gold pieces.

Inventory:

Missiles
 w - 2 large rocks (quivered) {!d}
Armour
 a - a +0 robe (worn)
 i - a +0 cloak (worn)
   (You took it off Crazy Yiuf on level 2 of the Dungeon)
Jewellery
 c - a +2 ring of dexterity (left claw)
   (You found it on level 1 of the Dungeon)
 d - an amulet of guardian spirit (around neck) {Spirit}
   (You found it on level 4 of the Dungeon)
 t - a ring of protection from fire (right claw) {rF+, !d}
   (You found it on level 3 of the Dungeon)
Wands
 j - a wand of lightning (15/15)
   (You found it on level 2 of the Dungeon)
 q - a wand of flame (17/48)
   (You found it on level 3 of the Dungeon)
 s - a wand of random effects (26/48)
   (You found it on level 3 of the Dungeon)
Scrolls
 g - 4 scrolls of immolation {!r}
 k - a scroll of teleportation
 o - a scroll of amnesia
 p - a scroll of remove curse
 y - 3 scrolls of fog {unknown}
 z - a scroll of magic mapping {unknown}
Potions
 e - 3 potions of magic
 f - 2 potions of brilliance {unknown}
 h - a potion of haste {unknown}
 n - 2 potions of might {unknown}
 r - a potion of mutation {unknown}
 v - a potion of ambrosia
 x - a potion of curing {unknown}
Comestibles
 b - 5 bread rations {@e1}
 l - 2 meat rations {@e2}
 m - 8 chunks of flesh {@w0}
 u - a beef jerky


   Skills:
 + Level 2.8 Fighting
 + Level 3.0 Dodging
 - Level 1.0 Stealth
 + Level 7.4 Unarmed Combat


You had 6 spell levels left.
You didn't know any spells.

Dungeon Overview and Level Annotations

Branches:
Dungeon (4/15)
 Temple: D:4-7

Altars:


Innate Abilities, Weirdness & Mutations

You are too large for most types of armour.
You have claws for hands.
Your metabolism is lightning-fast.
You like to eat raw meat.
Your natural rate of healing is unusually fast.
You are covered in fur. (AC +1)
You have very tough skin. (AC +2)


Message History

You hear a splash.
The adder moves out of view. x2
A ball python and a bullfrog come into view.
There are monsters nearby!
The ball python hisses angrily.
The bullfrog croaks.
You mangle the ball python!!
You kill the ball python!
Some of the chunks of flesh in your inventory have rotted away.
A bullfrog comes into view.
There are monsters nearby!
You barely miss the adder.
The bullfrog croaks.
The adder bites you.
The bullfrog moves out of view.
There are monsters nearby!
You closely miss the adder. The adder barely misses you.
A ball python comes into view.
There are monsters nearby!
The ball python hisses angrily.
You claw the adder! The adder closely misses you. The adder bites you. x2
There are monsters nearby!
You claw the adder!
You kill the adder!
The bullfrog hits you but does no damage.
The adder bites you.
You are poisoned.
The adder poisons you! The adder barely misses you.
The bullfrog hits you but does no damage.
You take 7 damage, and have 52/59 hp.
You now have 4/5 mp.
There are monsters nearby!
You barely miss the bullfrog.
You feel sick. The adder closely misses you. The bullfrog hits you.
You take 4 damage, and have 48/59 hp.
There are monsters nearby!
You closely miss the bullfrog. The ball python misses you. The adder bites you.
The adder closely misses you. The bullfrog hits you.
You take 5 damage, and have 43/59 hp.
There are monsters nearby!
You are too injured to fight recklessly!
Unknown command.
You feel sick. The adder bites you. The bullfrog barely misses you.
The adder closely misses you. The adder bites you but does no damage.
The ball python barely misses you. The bullfrog barely misses you.
The adder barely misses you. The ball python misses you.
The adder closely misses you.
You take 2 damage, and have 41/59 hp.
You now have 3/5 mp.
You feel sick. The bullfrog closely misses you. The bullfrog barely misses you.
The bullfrog closely misses you. The adder barely misses you.
The bullfrog closely misses you. The adder closely misses you.
The bullfrog closely misses you. The bullfrog hits you! The adder bites you.
The bullfrog misses you.
You take 8 damage, and have 33/59 hp.
You feel sick. The bullfrog closely misses you. The adder misses you.
The bullfrog closely misses you. The adder closely misses you.
The bullfrog hits you.
The bullfrog snags a nearby hornet with its tongue.
The ball python bites you but does no damage.
Some of the chunks of flesh in your inventory have rotted away.
You take 1 damage, and have 32/59 hp.
You scratch the ball python.
You kill the ball python!
You have reached level 7!
The adder bites you but does no damage. The bullfrog hits you!
The ball python bites you but does no damage.
You take 1 damage, and have 31/66 hp.
You now have 3/6 mp.
The ball python barely misses you. The bullfrog barely misses you.
The ball python barely misses you. The ball python misses you.
The bullfrog completely misses you.
You see here a ball python corpse.
You feel sick.
The ball python bites you but does no damage.
The bullfrog hits you! The bullfrog closely misses you.
You take 6 damage, and have 25/66 hp.
You now have 2/6 mp.
The bullfrog closely misses you. The bullfrog hits you.
The ball python bites you but does no damage.
The adder closely misses you.
You take 3 damage, and have 22/66 hp.
The bullfrog hits you but does no damage.
The bullfrog hits you.
* * * LOW HITPOINT WARNING * * *
The bullfrog hits you.
* * * LOW HITPOINT WARNING * * *
The adder closely misses you. The adder barely misses you.
The bullfrog hits you.
* * * LOW HITPOINT WARNING * * *
You take 10 damage, and have 12/66 hp.
You now have 1/6 mp.
You feel sick. The adder bites you.
* * * LOW HITPOINT WARNING * * *
The ball python barely misses you. The adder closely misses you.
The bullfrog hits you but does no damage.
The adder barely misses you. The bullfrog hits you.
* * * LOW HITPOINT WARNING * * *
You take 5 damage, and have 7/66 hp.
You closely miss the ball python. Your claw misses the ball python.
The adder closely misses you. The bullfrog closely misses you.
The ball python closely misses you.
The ball python bites you but does no damage.
The bullfrog misses you. The adder barely misses you. The adder bites you.
* * * LOW HITPOINT WARNING * * *
The bullfrog hits you!
You die...

####################
..(≈≈≈≈†≈≈≈≈≈≈≈≈≈..###
.≈≈≈≈#≈..≈#†≈≈≈≈....##
.≈≈≈≈≈†≈≈≈≈≈≈≈≈SS.....#
..≈≈≈≈≈≈≈≈≈≈≈≈≈F@≈....#
.≈≈≈≈≈≈≈≈≈≈≈≈≈≈SFS....##
..≈≈≈≈≈≈≈≈≈≈≈≈≈≈≈#.....#
###################....#
####...## #..#....#
#..'....# #####...#
##...##


You could see 2 bullfrogs, 2 adders and 2 ball pythons.

Vanquished Creatures
  The ghost of Mungo the Ruffian, an amateur NaTm (D:3)
  An ogre (D:4)
  Crazy Yiuf (D:2)
  Ijyb (D:2)
  A hound skeleton (D:3)
  9 adders
  3 river rats (Sewer)
  3 worms
  A dart slug (D:1)
  5 leopard geckos
  An orc (D:4)
  3 giant cockroaches
  9 goblins
  5 hobgoblins
  6 jackals
  5 kobolds
  3 quokkas
  10 ball pythons (Sewer)
  7 bats
  3 frilled lizards
  31 rats
109 creatures vanquished.

Notes
Turn   | Place    | Note
-------+----------+-------------------------------------------
     0 | D:1      | kroki the Troll Monk began the quest for the Orb.
     0 | D:1      | Reached XP level 1. HP: 22/22 MP: 0/0
   103 | D:1      | Reached XP level 2. HP: 29/29 MP: 1/1
   244 | D:1      | Reached skill level 4 in Unarmed Combat
   469 | D:1      | Reached XP level 3. HP: 25/36 MP: 2/2
  1076 | D:2      | Reached skill level 5 in Unarmed Combat
  1076 | D:2      | Reached XP level 4. HP: 44/44 MP: 3/3
  1107 | D:2      | Noticed Ijyb
  1119 | D:2      | Killed Ijyb
  1377 | D:2      | Found a runed door.
  1628 | D:2      | Noticed Crazy Yiuf
  1632 | D:2      | Killed Crazy Yiuf
  1699 | D:3      | Found a faded altar of an unknown god.
  1783 | D:3      | Noticed Mungo's ghost (amateur NaTm)
  1796 | D:3      | Killed Mungo's ghost
  1796 | D:3      | Reached skill level 6 in Unarmed Combat
  1796 | D:3      | Reached XP level 5. HP: 44/50 MP: 4/4
  1796 | D:3      | Reached XP level 6. HP: 52/59 MP: 5/5
  2246 | D:3      | Reached skill level 7 in Unarmed Combat
  2520 | D:4      | Found a glowing drain.
  2533 | Sewer    | Entered a sewer
  2641 | Sewer    | Reached skill level 3 in Dodging
  2830 | Sewer    | Reached XP level 7. HP: 36/66 MP: 4/6
  2834 | Sewer    | HP: 12/66 [bullfrog (5)]
  2836 | Sewer    | HP: 3/66 [adder (4)]
  2836 | Sewer    | Slain by a bullfrog

Vault maps used:
D:1:      dpeg_arrival_simpleton_a
D:2:      first_bread, uniq_crazy_yiuf_cottage, uniq_iyjb
D:3:      ecumenical_altar_1
D:4:      portal_sewer_entry_f, uniq_grinder
Sewer:    sewer_minmay_w

Skill      XL: |  1  2  3  4  5  6 |
---------------+-------------------+-----
Unarmed Combat | 4 5 6 7 |  7.4
Dodging        | 3 |  3.0
Fighting       | |  2.8
Stealth        | |  1.0

Action                   |  1- 3 |  4- 6 |  7- 9 || total
-------------------------+-------+-------+-------++-------
Melee: Unarmed           |   111 |   164 |     1 ||   276
       Punch             |     3 |     4 |       ||     7
Throw: Large rock        |       |    16 |       ||    16
  Use: Potion            |       |     4 |       ||     4
       Scroll            |       |     8 |       ||     8
 Stab: Sleeping          |     1 |       |       ||     1
  Eat: Chunk             |    15 |    17 |       ||    32
Armor: Robe              |    37 |    68 |     7 ||   112
Dodge: Dodged            |    63 |   119 |    18 ||   200

Vault maps used:
D:1:      dpeg_arrival_simpleton_a
D:2:      first_bread, uniq_crazy_yiuf_cottage, uniq_iyjb
D:3:      ecumenical_altar_1
D:4:      portal_sewer_entry_f, uniq_grinder
Sewer:    sewer_minmay_w

Table legend:
 A = Turns spent in this place as a percentage of turns spent in the entire game.
 B = Non-inter-level travel turns spent in this place as a percentage of non-inter-level travel turns spent in the entire game.
 C = Inter-level travel turns spent in this place as a percentage of turns spent in this place.
 D = Turns resting spent in this place as a percentage of non-inter-level travel turns spent in this place.
 E = Turns spent auto-exploring this place as a percentage of non-inter-level travel turns spent in this place.
 F = Non-inter-level travel turns spent in this place divided by the number of levels of this place that you've seen.
                   A       B       C       D       E      F
               +-------+-------+-------+-------+-------+----------------------
         Total | 100.0 | 100.0 |   0.3 |   0.0 |  13.9 | 302.0
       Dungeon |  86.3 |  86.2 |   0.3 |   0.0 |  15.0 | 325.5
         Sewer |  13.7 |  13.8 |   0.0 |   0.0 |   7.2 | 208.0
               +-------+-------+-------+-------+-------+----------------------

Table legend:
 A = Kills in this place as a percentage of kills in entire the game.
 B = Kills by you in this place as a percentage of kills by you in the entire game.
 C = Kills by friends in this place as a percentage of kills by friends in the entire game.
 D = Other kills in this place as a percentage of other kills in the entire game.
 E = Experience gained in this place as a percentage of experience gained in the entire game.
 F = Experience gained in this place divided by the number of levels of this place that you have seen.
                   A       B       C       D       E      F
               +-------+-------+-------+-------+-------+----------------------
         Total | 100.0 | 100.0 |  -nan |  -nan | 100.0 | 146.8
       Dungeon |  61.5 |  61.5 |  -nan |  -nan |  80.5 | 147.8
         Sewer |  38.5 |  38.5 |  -nan |  -nan |  19.5 | 143.0
               +-------+-------+-------+-------+-------+----------------------
